 Dungeon Crawl Stone Soup version 0.27-a0-931-g5a74e75d8f (webtiles) character file.

Game seed: 12977054520726049484

9 Alarkh the Insei (level 2, 5/22 HPs)
             Began as a Demonspawn Gladiator on Apr 10, 2021.
             Got out of the dungeon alive.
             The game lasted 00:00:20 (377 turns).

Alarkh the Insei (Demonspawn Gladiator)              Turns: 377, Time: 00:00:20

Health: 5/22       AC:  4    Str: 14    XL:     2   Next: 3%
Magic:  2/2        EV: 12    Int:  9    God:
Gold:   9          SH:  0    Dex: 14    Spells: 1/1 levels left

rFire    . . .     SeeInvis .     - Unarmed
rCold    . . .     Faith    .   (no shield)
rNeg     . . .     Spirit   .   a - +0 leather armour
rPois    .         Reflect  .   b - +0 helmet
rElec    .         Harm     .   (no cloak)
rCorr    .         Rampage  .   (no gloves)
Will     .....                  (no boots)
Stlth    +.........             (no amulet)
HPRegen  0.07/turn              (no ring)
MPRegen  0.08/turn              (no ring)

@: no status effects
A: talons 1
a: no special abilities


You escaped.
You visited 1 branch of the dungeon, and saw 1 of its levels.

You collected 9 gold pieces.

Inventory:

Missiles
 c - 3 throwing nets (quivered)
Armour
 a - a +0 leather armour (worn)
 b - a +0 helmet (worn)
Scrolls
 d - a scroll of enchant weapon {unknown}


   Skills:
 + Level 2.2 Fighting
 - Level 1.7 Throwing
 - Level 2.6 Dodging
 * Level 3.1 Unarmed Combat


You had one spell level left.
You didn't know any spells.
Your spell library was empty.

Dungeon Overview and Level Annotations

Branches:
Dungeon (1/15)

Altars:


Innate Abilities, Weirdness & Mutations

You have sharp toenails.


Message History

The quokka is moderately wounded.
The quokka bites you.
You are too injured to fight recklessly!
You are too injured to fight recklessly!
You are too injured to fight recklessly!
A quokka is nearby!
A quokka is nearby!
You hit the quokka but do no damage.
The quokka is moderately wounded.
The quokka bites you but does no damage.
You hit the quokka but do no damage.
The quokka is moderately wounded.
The quokka misses you.
You closely miss the quokka.
The quokka is moderately wounded.
The quokka bites you.
* * * LOW HITPOINT WARNING * * *
You hit the quokka but do no damage.
The quokka is moderately wounded.
The quokka bites you but does no damage.
You closely miss the quokka.
The quokka is moderately wounded.
The quokka closely misses you.
You closely miss the quokka.
The quokka is moderately wounded.
The quokka barely misses you. The quokka closely misses you.
You hit the quokka.
You kill the quokka!
You have reached level 2!
You feel monstrous as your demonic heritage exerts itself.
Your demonic ancestry asserts itself...
Your toenails lengthen and sharpen.
Unknown command.
Found 6 gold pieces.
You see here a frilled lizard corpse.
There is an open gate here.
There is an open gate here.
There is a staircase leading out of the dungeon here.
Are you sure you want to leave the Dungeon?
This will make you lose the game!
You have escaped!

#.....#...........# #
###...............# #
..................# #
..................#########
#######....................
#..÷.÷#.######...##########
#.≈≈≈.#.#...#............##
#.≈≈≈.#'#...#............##
#.≈X≈÷#'..@.#............##
#.≈≈≈.#'#...#............##
#.≈≈≈.#.#...#............##
#.....#.#####.......>....##
#######..####............##
.........................##
#############............##
#............##
###.....######


You could see a neutral kraken (wandering).

Vanquished Creatures
  An endoplasm (D:1)
  2 goblins (D:1)
  A quokka (D:1)
  3 frilled lizards (D:1)
  A kobold (D:1)
  A rat (D:1)
9 creatures vanquished.

Vanquished Creatures (others)
  A draconian (D:1)
  2 vine stalkers (D:1)
  A troll (D:1)
  A vampire (D:1)
  A formicid (D:1)
  A naga (D:1)
  2 dwarves (D:1)
  A centaur (D:1)
  A mummy (D:1)
  2 orcs (D:1)
  2 kobolds (D:1)
  8 tentacles (D:1)
23 creatures vanquished.

Grand Total: 32 creatures vanquished

Notes
Turn   | Place    | Note
-------+----------+-------------------------------------------
     0 | D:1      | Alarkh the Demonspawn Gladiator began the quest for the
                  | Orb.
     0 | D:1      | Reached XP level 1. HP: 16/16 MP: 1/1
     2 | D:1      | Noticed a draconian
     2 | D:1      | Noticed a formicid
     2 | D:1      | Noticed a troll
     2 | D:1      | Noticed a kraken
     2 | D:1      | Noticed a centaur
     2 | D:1      | Noticed a naga
     2 | D:1      | Noticed a vine stalker
     2 | D:1      | Noticed a vampire
     2 | D:1      | Noticed a dwarf
     2 | D:1      | Noticed a vine stalker
     2 | D:1      | Noticed a dwarf
     3 | D:1      | Killed a centaur
     5 | D:1      | Killed a troll
    11 | D:1      | Killed a vine stalker
    11 | D:1      | Killed a dwarf
    12 | D:1      | Killed a vampire
    12 | D:1      | Killed a vine stalker
    12 | D:1      | Killed a dwarf
    12 | D:1      | Killed a naga
    14 | D:1      | Killed a draconian
    18 | D:1      | Killed a formicid
   300 | D:1      | Reached skill level 3 in Unarmed Combat
   329 | D:1      | Gained mutation: You have sharp toenails. [demonic
                  | ancestry]
   329 | D:1      | Reached XP level 2. HP: 1/22 MP: 2/2
   377 | D:$      | Got out of the dungeon alive.

Illustrated notes

Levels and vault maps discovered:
D:1:      nicolae_arrival_kraken_aquarium_b, layout_basic,
          shapermc_ecumenical_altar_gd

Skill      XL: |  1 |
---------------+----+-----
Unarmed Combat | 3 |  3.1
Fighting       | |  2.2
Throwing       | |  1.7
Dodging        | |  2.6

Action                   || total
-------------------------++-------
Melee: Unarmed           ||    30
Armor: Leather armour    ||    10
Dodge: Dodged            ||    16

Table legend: (Time is in decaauts)
 A = Elapsed time spent in this place.
 B = Non-inter-level travel time spent in this place.
 C = Inter-level travel time spent in this place.
 D = Time resting spent in this place.
 E = Time spent auto-exploring this place.
 F = Levels seen in this place.
 G = Mean time per level.
                   A        B        C        D        E       F      G
               +--------+--------+--------+--------+--------+-----+--------+
         Total |    375 |    328 |     47 |      0 |    270 |   1 |  375.0 |
       Dungeon |    375 |    328 |     47 |      0 |    270 |   1 |  375.0 |
               +--------+--------+--------+--------+--------+-----+--------+

Top non-repeatable levels by time:
     D:1: 375 daAuts
